 Dungeon Crawl Stone Soup version 0.19.0-22-gd96e5fe (webtiles) character file.

3426 Krapule the Insei (level 10, -9/53 HPs)
             Began as a Vine Stalker Monk on Nov 18, 2016.
             Killed by divine providence
             ... invoked by an orc priest
              (12 damage)
             ... on level 8 of the Dungeon.
             The game lasted 00:29:16 (9102 turns).

Krapule the Insei (Vine Stalker Monk)               Turns: 9102, Time: 00:29:17

Health: -9/53      AC:  8    Str: 15    XL:     10   Next: 5%
Magic:  0/11       EV: 17    Int: 10    God:
Gold:   688        SH:  6    Dex: 22    Spells: 0 memorised, 9 levels left

rFire  . . .     SeeInvis .       - Unarmed
rCold  . . .     Gourm    .     e - +2 robe {MR+}
rNeg   . . .     Faith    .     c - +0 buckler
rPois  .         Spirit   +     (no helmet)
rElec  .         Reflect  .     f - +0 cloak
rCorr  .         Harm     .     g - +1 pair of gloves
MR     ++...                    p - +0 pair of boots of Yredelemnul's Approval {+Blink +Inv} (curse)
Stlth  +++.......               (no amulet)
                                (no ring)
                                q - +3 ring of dexterity

@: no status effects
A: fangs 3, regeneration 1, magic shield, antimagic bite, no device heal 3, rot
immunity
a: Evoke Blink, Evoke Invisibility


You were on level 8 of the Dungeon.
You were not hungry.

You visited 2 branches of the dungeon, and saw 9 of its levels.
You also visited: Sewer.

You collected 688 gold pieces.

Inventory:

Hand Weapons
 t - the +4 rapier of Rettut {pierce, rC++ MR+ Dex-3}
   (You found it on level 7 of the Dungeon)

   It inflicts extra damage upon your enemies.
   It affects your dexterity (-3).
   It greatly protects you from cold.
   It affects your resistance to hostile enchantments.
Missiles
 v - 2 throwing nets (quivered)
Armour
 c - a +0 buckler (worn)
 e - a +2 robe of magic resistance (worn)
 f - a +0 cloak (worn)
 g - a +1 pair of gloves (worn)
 o - a +0 large shield
 p - the cursed +0 pair of boots of Yredelemnul's Approval (worn) {+Blink +Inv}
   (You found it on level 5 of the Dungeon)

   It lets you turn invisible.
   It lets you blink.
   It has a curse placed upon it.
Jewellery
 q - a +3 ring of dexterity (left hand)
 r - an uncursed ring of fire
Wands
 a - a wand of confusion (28/48)
 x - a wand of iceblast (8/15)
 E - a wand of flame (13/48)
Scrolls
 i - 3 scrolls of amnesia
 k - 7 scrolls of enchant weapon
 l - a scroll of immolation
 n - 6 scrolls of remove curse
 s - 6 scrolls of magic mapping
 u - a scroll of random uselessness {unknown}
 w - 3 scrolls of acquirement {unknown}
 y - a scroll of blinking
 D - a scroll of recharging {unknown}
 F - a scroll of identify
Potions
 d - 7 potions of lignification
 h - a potion of curing
 j - a potion of cancellation
 z - 2 potions of mutation
 A - a potion of invisibility
Comestibles
 b - 7 bread rations
 m - 3 meat rations
 B - a beef jerky


   Skills:
 + Level 6.8 Fighting
 - Level 3.0 Armour
 + Level 6.2 Dodging
 - Level 3.0 Stealth
 + Level 5.7 Shields
 + Level 7.2 Unarmed Combat


You had 9 spell levels left.
You didn't know any spells.

Dungeon Overview and Level Annotations

Branches:
Dungeon (8/15)             Temple (1/1) D:6
   Lair: D:8-11

Altars:
Elyvilon
Fedhas
Gozag
Hepliaklqana
Kikubaaqudgha
Makhleb
Nemelex Xobeh
Okawaru
Qazlal
Ru
Trog
Vehumet
Xom
Yredelemnul
Zin
The Shining One


Innate Abilities, Weirdness & Mutations

You have razor-sharp teeth.
Your natural rate of healing is unusually fast.
When hurt, damage is shared between your health and your magic reserves.
Your bite disrupts and absorbs the magic of your enemies.
Potions and wands cannot restore your health.
You are immune to rotting.


Message History

All of the chunks of flesh in your inventory have rotted away.
The orc priest mumbles some strange prayers to Beogh against you.
Beogh smites you! You block the orc's attack.
The orc warrior hits you with a war axe!!
* * * LOW HITPOINT WARNING * * *
The orc closely misses you.
You see here a spear.
You block the worker ant's attack.
The orc priest calls down the wrath of Beogh upon you.
Beogh smites you!
* * * LOW HITPOINT WARNING * * *
The orc priest calls upon Beogh to heal the orc warrior.
The orc warrior's wounds heal themselves!
The worker ant closely misses you. The worker ant bites you.
* * * LOW HITPOINT WARNING * * *
A bullfrog comes into view.
The orc priest invokes the aid of Beogh against you.
Beogh smites you!
You die...

######...##......#........#####'#
#...##.o....#........#......
#...#.......#........#......
#...#.......#........+......
#...#.....o.#..).....#......
#...#....oo.#...<....#......
#...#.....a.#........#......
#.......#...)....#...^..
#......@#......).#......
#.(.....#........#......
#.......#........#......
#.......#†.......#......
#.......[........#......
#....÷..#[.......#......
##F.÷...#........#......
##......#........#......
#.......#........#......


You could see an orc warrior, a bullfrog (wandering), a worker ant, an orc
priest and 2 orcs.

Vanquished Creatures
  Sigmund (D:5)
  Menkaure (D:5)
  Grum (D:8)
  A water moccasin (D:5)
  Purgy (Sewer)
  2 sky beasts (D:7)
  5 ice beasts
  An ogre (D:6)
  3 wolves
  3 centaurs
  2 big kobolds
  A bullfrog (D:7)
  4 scorpions
  3 wights (D:8)
  A howler monkey (D:5)
  2 crimson imps
  A quasit (D:8)
  2 jellies
  3 hounds
  2 orc priests
  2 bullfrog skeletons
  2 orc wizards
  3 iguanas
  7 worker ants
  A worker ant zombie (D:7)
  9 gnolls
  13 adders
  A river rat (D:6)
  An adder skeleton (D:6)
  3 worms
  A dart slug (D:1)
  5 leopard geckos
  20 orcs
  9 giant cockroaches
  10 goblins
  12 hobgoblins
  16 jackals
  8 quokkas
  2 ball pythons (D:2)
  8 bats
  2 frilled lizards (D:4)
  17 kobolds
  A quokka zombie (D:7)
  32 rats
225 creatures vanquished.

Notes
Turn   | Place    | Note
-------+----------+-------------------------------------------
     0 | D:1      | Krapule the Vine Stalker Monk began the quest for the Orb.
     0 | D:1      | Reached XP level 1. HP: 11/11 MP: 2/2
   367 | D:1      | Reached XP level 2. HP: 16/16 MP: 3/3
   731 | D:1      | Reached skill level 1 in Armour
   978 | D:2      | Reached XP level 3. HP: 19/19 MP: 4/4
  1096 | D:2      | Found an opulent altar of Gozag.
  1646 | D:2      | Gained mutation: Your natural rate of healing is unusually fast. [Vine Stalker growth]
  1646 | D:2      | Reached XP level 4. HP: 8/23 MP: 5/5
  2369 | D:3      | Reached skill level 1 in Shields
  2369 | D:3      | Reached XP level 5. HP: 8/28 MP: 3/6
  3224 | D:4      | Reached XP level 6. HP: 28/32 MP: 7/7
  3628 | D:4      | Reached skill level 4 in Unarmed Combat
  3684 | D:4      | HP: 1/33 [poisoned by a scorpion]
  3746 | D:4      | Reached XP level 7. HP: 14/37 MP: 8/8
  4619 | D:5      | Entered Level 5 of the Dungeon
  4908 | D:5      | Got a pair of bloodstained boots
  4914 | D:5      | Identified the cursed +0 pair of boots of Yredelemnul's Approval {+Blink +Inv} (You found it on level 5 of the Dungeon)
  4924 | D:5      | Noticed Menkaure
  5142 | D:5      | Gained mutation: You have razor-sharp teeth. [Vine Stalker growth]
  5142 | D:5      | Reached XP level 8. HP: 39/42 MP: 9/9
  5159 | D:5      | Found a white marble altar of Elyvilon.
  5161 | D:5      | Found a glowing golden altar of the Shining One.
  5162 | D:5      | Found a blossoming altar of Fedhas.
  5349 | D:5      | Reached skill level 5 in Unarmed Combat
  5430 | D:5      | Noticed Sigmund
  5595 | D:5      | Killed Menkaure
  5807 | D:5      | Killed Sigmund
  5807 | D:5      | Reached skill level 5 in Fighting
  6170 | D:6      | Found a staircase to the Ecumenical Temple.
  6196 | Temple   | Entered the Ecumenical Temple
  6568 | D:6      | Reached skill level 5 in Dodging
  6679 | D:6      | Found a glowing drain.
  6691 | Sewer    | Entered a sewer
  6763 | Sewer    | Noticed Purgy
  6799 | Sewer    | Killed Purgy
  6799 | Sewer    | Reached XP level 9. HP: 25/47 MP: 10/10
  7085 | D:6      | Found a shimmering altar of Xom.
  7086 | D:6      | Found a hazy altar of Hepliaklqana.
  7086 | D:6      | Noticed a thorn hunter
  7087 | D:6      | Noticed a thorn hunter
  7087 | D:6      | Noticed a spectral ugly thing
  7118 | D:6      | Reached skill level 6 in Unarmed Combat
  7256 | D:7      | Noticed a cyan ugly thing
  7834 | D:7      | Got a crude rapier
  7835 | D:7      | Identified the +4 rapier of Rettut {pierce, rC++ MR+ Dex-3} (You found it on level 7 of the Dungeon)
  8300 | D:7      | Reached skill level 5 in Shields
  8565 | D:8      | Noticed Grum
  8797 | D:8      | Reached skill level 7 in Unarmed Combat
  8861 | D:7      | Reached XP level 10. HP: 31/53 MP: 8/11
  8916 | D:8      | Killed Grum
  9095 | D:8      | HP: 2/53 [orc priest/divine providence (10)]
  9101 | D:8      | HP: 2/53 [worker ant (3)]
  9102 | D:8      | Killed from afar by an orc priest

Skill      XL: |  1  2  3  4  5  6  7  8  9 |
---------------+----------------------------+-----
Armour         | 1 2 3 |  3.0
Fighting       | 3 4 5 6 |  6.8
Stealth        | 3 |  3.0
Dodging        | 3 4 5 6 |  6.2
Shields        | 1 2 4 5 |  5.7
Unarmed Combat | 4 5 7 |  7.2

Action                   |  1- 3 |  4- 6 |  7- 9 | 10-12 || total
-------------------------+-------+-------+-------+-------++-------
Melee: Unarmed           |   122 |   314 |   540 |    27 ||  1003
       Bite              |    37 |   107 |   216 |    12 ||   372
Throw: Throwing net      |       |       |     1 |       ||     1
Evoke: Wand              |       |       |     1 |       ||     1
  Use: Scroll            |     5 |       |    11 |       ||    16
       Potion            |       |     4 |       |       ||     4
 Stab: Sleeping          |     9 |     8 |     6 |       ||    23
  Eat: Chunk             |     2 |     8 |     6 |     1 ||    17
       Meat ration       |       |       |     2 |       ||     2
Armor: Robe              |    11 |    20 |   115 |       ||   146
       Ring mail         |       |    38 |    11 |       ||    49
Dodge: Dodged            |    62 |   137 |   373 |    13 ||   585
Block: Buckler           |    11 |    45 |   149 |     5 ||   210
